Rafales vs Patriotes
(R2)
Created - May 13, 2019 at 19:00
Goals
|
| Rafales |
1 |
3 |
1 |
5 |
| Patriotes |
1 |
1 |
1 |
3 |
|
Shots
|
| Rafales |
11 |
14 |
12 |
37 |
| Patriotes |
13 |
10 |
17 |
40 |
|
1st period
1. Rafales , Michael Ryder 1 (Cody McLeod 1, Mike Zigomanis 1) at 2:15
2. Patriotes , Matt Calvert 1 (Tyler Randell 1, David Kolomatis 1) at 7:44 (PP)
Penalties :
Slater Koekkoek (Stf) for Roughing (Minor) at 2:22, Matt Gilroy (Stf) for Hooking (Minor) at 7:30, Shane Sims (Nyc) for Hooking (Minor) at 16:01
2nd period
3. Rafales , Connor Murphy 1 (Matt Gilroy 1, Mike Zigomanis 2) at 7:54 (PP)
4. Rafales , Cody McLeod 1 (Connor Murphy 1) at 12:59
5. Patriotes , Timothy Kunes 1 (Christian Hanson 1, Emerson Etem 1) at 16:26 (PP)
6. Rafales , James Sheppard 1 (Julian Melchiori 1, Nathan Davis 1) at 17:56 (PP)
Penalties :
Justin Florek (Nyc) for Boarding (Double Minor) at 0:03, David Kolomatis (Nyc) for Hooking (Minor) at 1:04, Aleksander Barkov (Nyc) for Holding (Minor) at 7:39, Aaron Ness (Nyc) for Tripping (Minor) at 10:35, Cody McLeod (Stf) for High sticking (Minor) at 10:46, Cody Eakin (Nyc) for Holding (Minor) at 13:22, Michael Ryder (Stf) for Goalie Interference (Minor) at 14:27, Shane Sims (Nyc) for Tripping (Minor) at 17:23
3rd period
7. Patriotes , Matt Calvert 2 (Shane Sims 1, Timothy Kunes 1) at 8:05 (PP)
8. Rafales , Carl Klingberg 1 (Kevin Veilleux 1, Brian Ferlin 1) at 11:21
Penalties :
Nathan Davis (Stf) for Roughing (Minor) at 7:17, Timothy Kunes (Nyc) for Tripping (Minor) at 11:58, Carl Klingberg (Stf) for Goalie Interference (Minor) at 14:21
Goalie Stats
Leland Irving (Stf), 37 saves from 40 shots - (0.925), W, 1-0-0, 60:00 minutes
Marek Schwarz (Nyc), 32 saves from 37 shots - (0.865), L, 0-1-0, 60:00 minutes
Players Stats for Rafales
Player Name G A P +/- PIM S H SB GA TA FO MP PP MP PK MP
------------------------------------------------------------------------------------
Akim Aliu 0 0 0 0 0 0 0 0 0 0 0/0 0:00 0:00 0:00
Ben Thomson 0 0 0 0 0 0 0 0 0 0 0/0 0:17 0:00 0:17
Brian Ferlin 0 1 1 1 0 2 0 1 0 0 1/1 8:32 0:17 0:00
Carl Klingberg 1 0 1 2 2 1 1 0 1 0 1/1 9:08 0:00 0:29
Cedric Paquette 0 0 0 0 0 0 0 0 0 0 0/0 2:36 0:39 0:29
Chris Terry 0 0 0 0 0 0 2 0 1 0 1/1 7:31 0:00 0:00
Cody McLeod 1 1 2 2 2 9 0 0 1 3 0/0 23:46 5:55 3:22
Connor Murphy 1 1 2 2 0 2 2 0 0 0 0/0 26:29 6:01 3:45
Dennis Persson 0 0 0 0 0 0 0 0 0 0 0/0 4:04 0:00 0:00
Dylan McIlrath 0 0 0 1 0 1 1 1 0 1 0/0 9:33 0:00 0:00
James Marcou 0 0 0 0 0 2 0 0 0 1 0/0 7:31 0:00 0:00
James Sheppard 1 0 1 0 0 5 1 0 0 1 0/2 16:59 3:38 1:44
Jayson Megna 0 0 0 0 0 1 3 1 0 0 2/3 7:31 0:00 0:00
Joey Laleggia 0 0 0 0 0 0 0 2 0 0 0/0 19:54 4:00 2:31
Julian Melchiori 0 1 1 0 0 2 1 0 0 1 0/0 19:54 4:00 2:31
Kevin Veilleux 0 1 1 1 0 0 1 0 0 0 0/2 8:13 0:00 0:00
Maksim Mayorov 0 0 0 0 0 0 0 0 0 0 0/0 1:33 0:00 1:05
Matt Gilroy 0 1 1 2 2 3 2 3 0 2 0/0 30:18 6:01 3:31
Michael Ryder 1 0 1 1 2 1 2 0 0 0 2/3 21:01 5:53 1:29
Mike Zigomanis 0 2 2 2 0 3 1 1 0 2 19/49 25:22 5:58 3:37
Milan Bartovic 0 0 0 0 0 1 2 0 1 0 0/0 14:57 3:38 0:00
Nathan Davis 0 1 1 0 2 3 4 0 0 0 1/11 14:56 3:38 0:00
Ryan Bourque 0 0 0 0 0 0 0 0 0 0 0/0 0:00 0:00 0:00
Slater Koekkoek 0 0 0 1 2 1 0 0 0 0 0/0 9:46 0:00 0:14
Stefan Chaput 0 0 0 0 0 0 0 0 0 0 0/0 1:05 0:25 0:00
Players Stats for Patriotes
Player Name G A P +/- PIM S H SB GA TA FO MP PP MP PK MP
------------------------------------------------------------------------------------
Aaron Ness 0 0 0 -1 2 2 3 0 0 0 0/0 20:12 2:51 3:35
Aleksander Barkov 0 0 0 -1 2 1 0 0 1 0 6/10 10:15 0:00 0:00
Austin Watson 0 0 0 -1 0 2 1 1 0 0 0/0 10:46 0:00 0:30
Borna Rendulic 0 0 0 -1 0 1 2 2 0 0 1/1 10:35 0:05 0:00
Christian Hanson 0 1 1 0 0 4 3 0 0 0 10/15 20:31 1:58 5:40
Cody Eakin 0 0 0 -1 2 4 3 1 2 0 24/34 23:43 3:56 5:05
Dale Weise 0 0 0 0 0 1 0 1 0 0 0/0 6:17 0:00 0:00
David Kolomatis 0 1 1 -1 2 0 0 1 0 0 0/0 20:22 2:51 3:07
Dillon Heatherington 0 0 0 -1 0 2 1 4 0 3 0/0 12:10 0:00 3:47
Emerson Etem 0 1 1 0 0 2 2 0 1 0 0/0 12:22 1:58 0:00
Jared Knight 0 0 0 0 0 1 0 0 1 0 1/2 6:32 0:00 0:15
Justin Florek 0 0 0 0 4 2 1 1 0 0 0/0 12:26 1:58 0:00
Mario Lucia 0 0 0 0 0 1 0 0 0 0 0/0 6:17 0:00 0:00
Matt Calvert 2 0 2 -1 0 6 0 4 4 0 1/3 19:38 4:01 2:13
Maxim Mamin 0 0 0 0 0 0 0 0 0 0 0/0 0:00 0:00 0:00
Riley Barber 0 0 0 -1 0 0 1 0 0 0 0/0 1:21 0:23 0:00
Robert Baillargeon 0 0 0 0 0 0 0 1 0 0 0/3 2:16 0:01 1:53
Ryan Fitzgerald 0 0 0 -1 0 0 0 0 0 0 0/2 1:32 0:22 0:00
Shane Sims 0 1 1 -1 4 3 1 6 0 0 0/0 29:29 3:25 4:46
Shea Theodore 0 0 0 -2 0 1 0 0 0 0 0/0 9:59 0:11 0:16
Timothy Kunes 1 1 2 -1 2 4 5 1 2 1 0/0 28:56 3:25 4:44
Tyler Randell 0 1 1 -1 0 3 4 0 0 0 3/3 19:31 3:55 2:13
3 Stars
1 - Connor Murphy (Stf)
2 - Mike Zigomanis (Stf)
3 - Cody McLeod (Stf)
Power Play
Rafales - 2 on 9 Attempt(s) - 22.22%
Patriotes - 3 on 6 Attempt(s) - 50.00%
Penalty Kill
Rafales - 3 on 6 Attempt(s) - 50.00%
- Score 0 goal in Penalty Kill
Patriotes - 7 on 9 Attempt(s) - 77.78%
- Score 0 goal in Penalty Kill
Team Stat
Rafales - Hits : 23 - Faceoff Wins : 27 - Blocked Shots : 9 - Penalty Minutes : 12
Patriotes - Hits : 27 - Faceoff Wins : 46 - Blocked Shots : 23 - Penalty Minutes : 18
Official
Referees : Unknown
Linesman : Unknown
Game Notes
8:05 of 3rd period - Patriotes goal is going for a video replay. After video review, Goal.
Finance
Level 1 -- Attendance: 1841 (92.05%) -- Ticket Income $73,640
Level 2 -- Attendance: 887 (88.70%) -- Ticket Income $17,740
Total Attendance: 2728 (90.93%)
Total Ticket Income: $91,380
Other Income: $4,569
Total Income: $95,949
Rafales
5 vs 5 Forward
Center Left Wing Right Wing Time % Phy DF OF
1 Mike Zigomanis Cody McLeod Michael Ryder 40 1 2 2
2 Nathan Davis James Sheppard Milan Bartovic 30 1 2 2
3 Kevin Veilleux Carl Klingberg Brian Ferlin 20 1 2 2
4 Jayson Megna Chris Terry James Marcou 10 1 2 2
5 vs 5 Defense
Defense Defense Time % Phy DF OF
1 Matt Gilroy Connor Murphy 40 1 2 2
2 Julian Melchiori Joey Laleggia 30 1 2 2
3 Dylan McIlrath Slater Koekkoek 20 1 2 2
4 Dennis Persson Matt Gilroy 10 1 2 2
PowerPlay Forward
Center Left Wing Right Wing Time % Phy DF OF
1 Mike Zigomanis Cody McLeod Michael Ryder 60 1 2 2
2 Nathan Davis James Sheppard Milan Bartovic 40 1 2 2
PowerPlay Defense
Defense Defense Time % Phy DF OF
1 Matt Gilroy Connor Murphy 60 1 2 2
2 Julian Melchiori Joey Laleggia 40 1 2 2
Penalty Kill 4 Players Forward
Center Wing Time % Phy DF OF
1 Mike Zigomanis Cody McLeod 60 1 2 2
2 Michael Ryder James Sheppard 40 1 2 2
Penalty Kill 4 Players Defense
Defense Defense Time % Phy DF OF
1 Matt Gilroy Connor Murphy 60 1 2 2
2 Julian Melchiori Joey Laleggia 40 1 2 2
Penalty Kill - 3 Players Forward
Forward Time % Phy DF OF
1 Mike Zigomanis 60 1 2 2
2 Cody McLeod 40 1 2 2
Penalty Kill - 3 Players Defense
Defense Defense Time % Phy DF OF
1 Matt Gilroy Connor Murphy 60 1 2 2
2 Julian Melchiori Joey Laleggia 40 1 2 2
4 vs 4 Forward
Center Wing Time % Phy DF OF
1 Mike Zigomanis Cody McLeod 60 1 2 2
2 Michael Ryder James Sheppard 40 1 2 2
4 vs 4 Defense
Defense Defense Time % Phy DF OF
1 Matt Gilroy Connor Murphy 60 1 2 2
2 Julian Melchiori Joey Laleggia 40 1 2 2
Last Minutes Offensive
Center Left Wing Right Wing Defense Defense
Mike Zigomanis Cody McLeod Michael Ryder Matt Gilroy Connor Murphy
Last Minutes Defensive
Center Left Wing Right Wing Defense Defense
Mike Zigomanis Cody McLeod Michael Ryder Matt Gilroy Connor Murphy
Goaltenders
Starting : Leland Irving
Backup : Sean Maguire
Extra Forwards
Normal : Cedric Paquette, Stefan Chaput, Maksim Mayorov - PP : Cedric Paquette, Stefan Chaput - PK : Maksim Mayorov
Extra Defensemen
Normal : Dylan McIlrath, Slater Koekkoek, Dennis Persson - PP : Dylan McIlrath - PK : Slater Koekkoek, Dennis Persson
Penalty Shots
Mike Zigomanis, Cody McLeod, Michael Ryder, James Sheppard, Carl Klingberg
Scratches
Ben Sexton (Healthy), Ben Johnson (Healthy), Brad Ross (Healthy), Tyrell Goulbourne (Healthy), David Broll (Healthy)
Chris Driedger (Healthy)
Patriotes
5 vs 5 Forward
Center Left Wing Right Wing Time % Phy DF OF
1 Cody Eakin Matt Calvert Tyler Randell 40 1 2 2
2 Christian Hanson Justin Florek Emerson Etem 30 1 2 2
3 Aleksander Barkov Austin Watson Borna Rendulic 20 1 2 2
4 Jared Knight Mario Lucia Dale Weise 10 1 2 2
5 vs 5 Defense
Defense Defense Time % Phy DF OF
1 Timothy Kunes Shane Sims 40 1 2 2
2 David Kolomatis Aaron Ness 30 1 2 2
3 Shea Theodore Dillon Heatherington 20 1 2 2
4 Timothy Kunes Shane Sims 10 1 2 2
PowerPlay Forward
Center Left Wing Right Wing Time % Phy DF OF
1 Cody Eakin Matt Calvert Tyler Randell 60 1 2 2
2 Christian Hanson Justin Florek Emerson Etem 40 1 2 2
PowerPlay Defense
Defense Defense Time % Phy DF OF
1 Timothy Kunes Shane Sims 60 1 2 2
2 David Kolomatis Aaron Ness 40 1 2 2
Penalty Kill 4 Players Forward
Center Wing Time % Phy DF OF
1 Cody Eakin Christian Hanson 60 1 2 2
2 Tyler Randell Matt Calvert 40 1 2 2
Penalty Kill 4 Players Defense
Defense Defense Time % Phy DF OF
1 Timothy Kunes Shane Sims 60 1 2 2
2 David Kolomatis Aaron Ness 40 1 2 2
Penalty Kill - 3 Players Forward
Forward Time % Phy DF OF
1 Cody Eakin 60 1 2 2
2 Christian Hanson 40 1 2 2
Penalty Kill - 3 Players Defense
Defense Defense Time % Phy DF OF
1 Timothy Kunes Shane Sims 60 1 2 2
2 David Kolomatis Aaron Ness 40 1 2 2
4 vs 4 Forward
Center Wing Time % Phy DF OF
1 Cody Eakin Christian Hanson 60 1 2 2
2 Tyler Randell Matt Calvert 40 1 2 2
4 vs 4 Defense
Defense Defense Time % Phy DF OF
1 Timothy Kunes Shane Sims 60 1 2 2
2 David Kolomatis Aaron Ness 40 1 2 2
Last Minutes Offensive
Center Left Wing Right Wing Defense Defense
Cody Eakin Matt Calvert Tyler Randell Timothy Kunes Shane Sims
Last Minutes Defensive
Center Left Wing Right Wing Defense Defense
Cody Eakin Matt Calvert Tyler Randell Timothy Kunes Shane Sims
Goaltenders
Starting : Marek Schwarz
Backup : Thomas Greiss
Extra Forwards
Normal : Ryan Fitzgerald, Riley Barber, Robert Baillargeon - PP : Ryan Fitzgerald, Riley Barber - PK : Robert Baillargeon
Extra Defensemen
Normal : Shea Theodore, Dillon Heatherington, David Kolomatis - PP : Shea Theodore - PK : Dillon Heatherington, David Kolomatis
Penalty Shots
Cody Eakin, Christian Hanson, Tyler Randell, Matt Calvert, Emerson Etem
Scratches
Jason Zucker (Healthy), Anthony Bitetto (Healthy), Andrei Vasilevskiy (Healthy), Phoenix Copley (Healthy)
% Time on Ice - Rafales
Lines # - Real PCT - Wanted PCT - Time Play
Normal Forward
1 - 34% - 40% - 13:57
2 - 28% - 30% - 11:20
3 - 20% - 20% - 8:13
4 - 18% - 10% - 7:31
Normal Defense
1 - 36% - 40% - 14:38
2 - 31% - 30% - 12:46
3 - 23% - 20% - 9:33
4 - 10% - 10% - 4:04
PP Forward
1 - 64% - 60% - 6:23
2 - 36% - 40% - 3:38
PP Defense
1 - 60% - 60% - 6:01
2 - 40% - 40% - 4:00
PK Forward
1 - 72% - 60% - 4:32
2 - 28% - 40% - 1:44
PK Defense
1 - 60% - 60% - 3:45
2 - 40% - 40% - 2:31
PK3 Forward
1 - 0% - 60%
2 - 0% - 40%
PK3 Defense
1 - 0% - 60%
2 - 0% - 40%
44 Forward
1 - 90% - 60% - 2:25
2 - 10% - 40% - 0:17
44 Defense
1 - 77% - 60% - 2:05
2 - 23% - 40% - 0:37
Last Minute Offensive - 0:00
Last Minute Defensive - 0:00
Total
Forward - 60:00
Defense - 60:00
|
% Time on Ice - Patriotes
Lines # - Real PCT - Wanted PCT - Time Play
Normal Forward
1 - 34% - 40% - 14:04
2 - 25% - 30% - 10:24
3 - 25% - 20% - 10:16
4 - 15% - 10% - 6:17
Normal Defense
1 - 43% - 40% - 17:32
2 - 33% - 30% - 13:21
3 - 21% - 20% - 8:37
4 - 4% - 10% - 1:31
PP Forward
1 - 69% - 60% - 4:18
2 - 31% - 40% - 1:58
PP Defense
1 - 55% - 60% - 3:25
2 - 45% - 40% - 2:51
PK Forward
1 - 72% - 60% - 5:49
2 - 28% - 40% - 2:13
PK Defense
1 - 63% - 60% - 5:03
2 - 37% - 40% - 2:59
PK3 Forward
1 - 80% - 60% - 1:35
2 - 20% - 40% - 0:24
PK3 Defense
1 - 56% - 60% - 1:07
2 - 44% - 40% - 0:52
44 Forward
1 - 83% - 60% - 2:15
2 - 17% - 40% - 0:27
44 Defense
1 - 68% - 60% - 1:50
2 - 32% - 40% - 0:52
Last Minute Offensive - 0:00
Last Minute Defensive - 0:00
Total
Forward - 60:00
Defense - 60:00
|
Play-by-Play
1st period
0:01 of 1st period - Cody Eakin wins face-off versus Mike Zigomanis in neutral zone.
0:26 of 1st period - Matt Gilroy is hit by Justin Florek and loses puck.
0:37 of 1st period - Slapshot by Timothy Kunes.
0:37 of 1st period - Shot Misses the Net.
0:39 of 1st period - Backhand shot by Christian Hanson.
0:39 of 1st period - Stopped by Leland Irving with a rebound.
0:48 of 1st period - Icing by Nathan Davis.
0:49 of 1st period - Aleksander Barkov wins face-off versus Kevin Veilleux in Rafales zone.
0:50 of 1st period - Wrist shot by Austin Watson.
0:50 of 1st period - Shot Misses the Net.
0:56 of 1st period - Slapshot by David Kolomatis.
0:56 of 1st period - Deflect By Borna Rendulic.
0:56 of 1st period - Shot Misses the Net.
0:56 of 1st period - Puck is out of play.
0:57 of 1st period - Jayson Megna wins face-off versus Jared Knight in Rafales zone.
1:24 of 1st period - Michael Ryder is hit by Tyler Randell and loses puck.
2:00 of 1st period - Icing by Emerson Etem.
2:01 of 1st period - Nathan Davis wins face-off versus Aleksander Barkov in Patriotes zone.
2:13 of 1st period - Icing by Shea Theodore.
2:14 of 1st period - Mike Zigomanis wins face-off versus Aleksander Barkov in Patriotes zone.
2:15 of 1st period - Slapshot by Cody McLeod.
2:15 of 1st period - Deflect By Michael Ryder.
2:15 of 1st period - Goal by Michael Ryder - Rafales : 1 - Patriotes : 0.
2:16 of 1st period - Cody Eakin wins face-off versus Mike Zigomanis in neutral zone.
2:22 of 1st period - Minor Penalty to Slater Koekkoek for Roughing.
2:23 of 1st period - Cody Eakin wins face-off versus Mike Zigomanis in Rafales zone.
2:39 of 1st period - Snap shot by Matt Calvert.
2:39 of 1st period - Deflect By Matt Gilroy.
2:39 of 1st period - Stopped by Leland Irving with a rebound.
4:02 of 1st period - James Sheppard is hit by Timothy Kunes and loses puck.
4:21 of 1st period - Mike Zigomanis is hit by Riley Barber.
4:22 of 1st period - Penalty to Slater Koekkoek is over, Slater Koekkoek is back on ice.
4:24 of 1st period - Off-side.
4:25 of 1st period - Carl Klingberg wins face-off versus Aleksander Barkov in neutral zone.
4:27 of 1st period - Off-side.
4:28 of 1st period - Aleksander Barkov wins face-off versus Kevin Veilleux in neutral zone.
4:33 of 1st period - Dylan McIlrath is hit by Timothy Kunes and loses puck.
4:38 of 1st period - Slapshot by Shane Sims.
4:38 of 1st period - Shot Blocked by Brian Ferlin.
4:40 of 1st period - Snap shot by Aleksander Barkov.
4:40 of 1st period - Stopped by Leland Irving without a rebound.
4:41 of 1st period - Cody Eakin wins face-off versus Mike Zigomanis in Rafales zone.
4:44 of 1st period - Snap shot by Cody Eakin.
4:44 of 1st period - Shot Misses the Net.
4:46 of 1st period - Snap shot by Matt Calvert.
4:46 of 1st period - Stopped by Leland Irving with a rebound.
4:56 of 1st period - Wrist shot by Cody Eakin.
4:56 of 1st period - Stopped by Leland Irving with a rebound.
5:03 of 1st period - Icing by Matt Gilroy.
5:04 of 1st period - Christian Hanson wins face-off versus James Sheppard in Rafales zone.
5:29 of 1st period - Joey Laleggia is hit by Tyler Randell and loses puck.
6:37 of 1st period - Milan Bartovic is hit by Christian Hanson and loses puck.
7:22 of 1st period - Slapshot by Aaron Ness.
7:22 of 1st period - Shot Misses the Net.
7:24 of 1st period - Slapshot by Aaron Ness.
7:24 of 1st period - Stopped by Leland Irving with a rebound.
7:30 of 1st period - Minor Penalty to Matt Gilroy for Hooking.
7:31 of 1st period - Cody Eakin wins face-off versus Mike Zigomanis in Rafales zone.
7:38 of 1st period - Wrist shot by Cody Eakin.
7:38 of 1st period - Stopped by Leland Irving with a rebound.
7:40 of 1st period - Slapshot by David Kolomatis.
7:40 of 1st period - Shot Blocked by Mike Zigomanis.
7:42 of 1st period - Wrist shot by Tyler Randell.
7:42 of 1st period - Stopped by Leland Irving with a rebound.
7:44 of 1st period - Slapshot by Matt Calvert.
7:44 of 1st period - Goal by Matt Calvert - Rafales : 1 - Patriotes : 1.
7:45 of 1st period - Cody Eakin wins face-off versus Mike Zigomanis in neutral zone.
7:54 of 1st period - Slapshot by Matt Calvert.
7:54 of 1st period - Shot Misses the Net.
7:56 of 1st period - Wrist shot by Matt Calvert.
7:56 of 1st period - Shot Misses the Net.
9:03 of 1st period - Wrist shot by James Sheppard.
9:03 of 1st period - Stopped by Marek Schwarz with a rebound.
9:24 of 1st period - Wrist shot by Cody Eakin.
9:24 of 1st period - Shot Misses the Net.
9:26 of 1st period - Wrist shot by Tyler Randell.
9:26 of 1st period - Shot Misses the Net.
9:46 of 1st period - Slapshot by Matt Gilroy.
9:46 of 1st period - Deflect By Chris Terry.
9:46 of 1st period - Shot Misses the Net.
9:46 of 1st period - Puck is out of play.
9:47 of 1st period - Cody Eakin wins face-off versus Nathan Davis in Patriotes zone.
9:47 of 1st period - Cody Eakin is hit by Milan Bartovic.
10:03 of 1st period - Timothy Kunes is hit by Dylan McIlrath and loses puck.
10:20 of 1st period - Slapshot by Shea Theodore.
10:20 of 1st period - Stopped by Leland Irving with a rebound.
10:42 of 1st period - Slapshot by James Sheppard.
10:42 of 1st period - Shot Blocked by Dillon Heatherington.
10:48 of 1st period - Wrist shot by Nathan Davis.
10:48 of 1st period - Shot Blocked by Dillon Heatherington.
10:50 of 1st period - Snap shot by Milan Bartovic.
10:50 of 1st period - Shot Blocked by Dillon Heatherington.
10:52 of 1st period - Slapshot by Slater Koekkoek.
10:52 of 1st period - Shot Misses the Net.
10:54 of 1st period - Wrist shot by James Sheppard.
10:54 of 1st period - Stopped by Marek Schwarz with a rebound.
10:56 of 1st period - Slapshot by Slater Koekkoek.
10:56 of 1st period - Stopped by Marek Schwarz with a rebound.
10:58 of 1st period - Snap shot by James Sheppard.
10:58 of 1st period - Shot Misses the Net.
11:08 of 1st period - Wrist shot by Nathan Davis.
11:08 of 1st period - Shot Misses the Net.
11:10 of 1st period - Slapshot by Slater Koekkoek.
11:10 of 1st period - Shot Blocked by Borna Rendulic.
11:12 of 1st period - Slapshot by Slater Koekkoek.
11:12 of 1st period - Shot Blocked by Austin Watson.
11:14 of 1st period - Snap shot by Nathan Davis.
11:14 of 1st period - Stopped by Marek Schwarz without a rebound.
11:15 of 1st period - Mike Zigomanis wins face-off versus Christian Hanson in Patriotes zone.
11:30 of 1st period - Snap shot by Christian Hanson.
11:30 of 1st period - Shot Misses the Net.
11:40 of 1st period - Matt Gilroy is hit by Tyler Randell and loses puck.
13:12 of 1st period - Slapshot by Cody Eakin.
13:12 of 1st period - Stopped by Leland Irving without a rebound.
13:13 of 1st period - Cody Eakin wins face-off versus Mike Zigomanis in Rafales zone.
13:16 of 1st period - Wrist shot by Cody Eakin.
13:16 of 1st period - Deflect By Tyler Randell.
13:16 of 1st period - Stopped by Leland Irving without a rebound.
13:17 of 1st period - Cody Eakin wins face-off versus Mike Zigomanis in Rafales zone.
14:08 of 1st period - Slapshot by James Sheppard.
14:08 of 1st period - Shot Blocked by Dale Weise.
14:10 of 1st period - Slapshot by Dylan McIlrath.
14:10 of 1st period - Stopped by Marek Schwarz with a rebound.
14:52 of 1st period - Backhand shot by Mike Zigomanis.
14:52 of 1st period - Stopped by Marek Schwarz without a rebound.
14:53 of 1st period - Aleksander Barkov wins face-off versus Nathan Davis in Patriotes zone.
15:02 of 1st period - David Kolomatis is hit by Nathan Davis and loses puck.
15:17 of 1st period - Snap shot by Carl Klingberg.
15:17 of 1st period - Shot Misses the Net.
15:19 of 1st period - Snap shot by Brian Ferlin.
15:19 of 1st period - Stopped by Marek Schwarz without a rebound.
15:20 of 1st period - Brian Ferlin wins face-off versus Cody Eakin in Patriotes zone.
15:21 of 1st period - Snap shot by Carl Klingberg.
15:21 of 1st period - Shot Blocked by Shane Sims.
15:31 of 1st period - Timothy Kunes is hit by Kevin Veilleux and loses puck.
15:50 of 1st period - Slapshot by Cody McLeod.
15:50 of 1st period - Shot Blocked by Shane Sims.
15:52 of 1st period - Wrist shot by Cody McLeod.
15:52 of 1st period - Shot Misses the Net.
15:54 of 1st period - Wrist shot by Cody McLeod.
15:54 of 1st period - Stopped by Marek Schwarz with a rebound.
15:56 of 1st period - Slapshot by Matt Gilroy.
15:56 of 1st period - Shot Misses the Net.
16:01 of 1st period - Minor Penalty to Shane Sims for Hooking.
16:02 of 1st period - Mike Zigomanis wins face-off versus Cody Eakin in Patriotes zone.
16:02 of 1st period - Snap shot by Cody McLeod.
16:02 of 1st period - Stopped by Marek Schwarz with a rebound.
16:04 of 1st period - Snap shot by Joey Laleggia.
16:04 of 1st period - Shot Blocked by Timothy Kunes.
16:06 of 1st period - Wrist shot by Cody McLeod.
16:06 of 1st period - Shot Misses the Net.
16:08 of 1st period - Slapshot by Julian Melchiori.
16:08 of 1st period - Shot Misses the Net.
16:35 of 1st period - Off-side.
16:36 of 1st period - Tyler Randell wins face-off versus Nathan Davis in neutral zone.
16:51 of 1st period - Wrist shot by Matt Calvert.
16:51 of 1st period - Shot Misses the Net.
18:01 of 1st period - Penalty to Shane Sims is over, Shane Sims is back on ice.
18:05 of 1st period - Cody Eakin is hit by Chris Terry and loses puck.
18:12 of 1st period - Jayson Megna is hit by Cody Eakin and loses puck.
18:33 of 1st period - Wrist shot by Shane Sims.
18:33 of 1st period - Deflect By Cody Eakin.
18:33 of 1st period - Shot Misses the Net.
18:33 of 1st period - Puck is out of play.
18:34 of 1st period - Aleksander Barkov wins face-off versus Nathan Davis in Rafales zone.
18:50 of 1st period - Milan Bartovic is hit by Austin Watson and loses puck.
19:23 of 1st period - Slapshot by Justin Florek.
19:23 of 1st period - Stopped by Leland Irving without a rebound.
19:24 of 1st period - Christian Hanson wins face-off versus Mike Zigomanis in Rafales zone.
19:31 of 1st period - Wrist shot by Cody McLeod.
19:31 of 1st period - Stopped by Marek Schwarz without a rebound.
19:32 of 1st period - Mike Zigomanis wins face-off versus Matt Calvert in Patriotes zone.
19:47 of 1st period - Wrist shot by Shane Sims.
19:47 of 1st period - Shot Misses the Net.
Goals for this period are 1 for Rafales vs 1 for Patriotes.
Shots for this period are 11 for Rafales vs 13 for Patriotes.
2nd period
0:01 of 2nd period - Christian Hanson wins face-off versus Mike Zigomanis in neutral zone.
0:03 of 2nd period - Double Minor Penalty to Justin Florek for Boarding.
0:04 of 2nd period - Cody Eakin wins face-off versus Mike Zigomanis in Patriotes zone.
0:04 of 2nd period - Cody Eakin is hit by Mike Zigomanis.
0:17 of 2nd period - Shane Sims is hit by Connor Murphy.
1:04 of 2nd period - Minor Penalty to David Kolomatis for Hooking.
1:05 of 2nd period - Cody Eakin wins face-off versus Mike Zigomanis in Patriotes zone.
1:05 of 2nd period - Cody Eakin is hit by Matt Gilroy.
1:11 of 2nd period - Slapshot by Shane Sims.
1:11 of 2nd period - Stopped by Leland Irving with a rebound.
1:39 of 2nd period - Wrist shot by Matt Gilroy.
1:39 of 2nd period - Deflect By Timothy Kunes.
1:39 of 2nd period - Stopped by Marek Schwarz with a rebound.
1:41 of 2nd period - Slapshot by Julian Melchiori.
1:41 of 2nd period - Shot Blocked by Shane Sims.
3:04 of 2nd period - Penalty to David Kolomatis is over, David Kolomatis is back on ice.
3:25 of 2nd period - Slapshot by Christian Hanson.
3:25 of 2nd period - Shot Misses the Net.
4:03 of 2nd period - Penalty to Justin Florek is over, Justin Florek is back on ice.
4:16 of 2nd period - Shane Sims is hit by Jayson Megna and loses puck.
4:25 of 2nd period - Chris Terry is hit by Shane Sims and loses puck.
4:45 of 2nd period - Jared Knight is hit by Carl Klingberg.
5:18 of 2nd period - Milan Bartovic is hit by Borna Rendulic and loses puck.
5:55 of 2nd period - Matt Gilroy is hit by Dillon Heatherington and loses puck.
6:06 of 2nd period - Matt Gilroy is hit by Christian Hanson and loses puck.
6:21 of 2nd period - James Marcou is hit by Borna Rendulic.
6:30 of 2nd period - Icing by Borna Rendulic.
6:31 of 2nd period - Cody Eakin wins face-off versus Nathan Davis in Patriotes zone.
6:42 of 2nd period - Snap shot by Cody Eakin.
6:42 of 2nd period - Deflect By Tyler Randell.
6:42 of 2nd period - Shot Blocked by Joey Laleggia.
6:42 of 2nd period - Puck is out of play.
6:43 of 2nd period - Mike Zigomanis wins face-off versus Christian Hanson in Rafales zone.
6:45 of 2nd period - Cody McLeod is hit by Timothy Kunes.
7:39 of 2nd period - Minor Penalty to Aleksander Barkov for Holding.
7:40 of 2nd period - Cody Eakin wins face-off versus Mike Zigomanis in Patriotes zone.
7:50 of 2nd period - Slapshot by Matt Gilroy.
7:50 of 2nd period - Stopped by Marek Schwarz with a rebound.
7:52 of 2nd period - Snap shot by Matt Gilroy.
7:52 of 2nd period - Stopped by Marek Schwarz with a rebound.
7:54 of 2nd period - Slapshot by Connor Murphy.
7:54 of 2nd period - Goal by Connor Murphy - Rafales : 2 - Patriotes : 1.
7:55 of 2nd period - Mike Zigomanis wins face-off versus Cody Eakin in neutral zone.
7:59 of 2nd period - Matt Gilroy is hit by Timothy Kunes and loses puck.
8:02 of 2nd period - Slapshot by Matt Gilroy.
8:02 of 2nd period - Shot Blocked by Matt Calvert.
8:04 of 2nd period - Slapshot by Cody McLeod.
8:04 of 2nd period - Shot Blocked by Matt Calvert.
8:06 of 2nd period - Wrist shot by Cody McLeod.
8:06 of 2nd period - Shot Misses the Net.
8:08 of 2nd period - Slapshot by Connor Murphy.
8:08 of 2nd period - Shot Misses the Net.
8:10 of 2nd period - Snap shot by Matt Gilroy.
8:10 of 2nd period - Shot Blocked by Matt Calvert.
8:20 of 2nd period - Milan Bartovic is hit by Emerson Etem and loses puck.
8:29 of 2nd period - Slapshot by Matt Gilroy.
8:29 of 2nd period - Deflect By Nathan Davis.
8:29 of 2nd period - Shot Misses the Net.
8:29 of 2nd period - Puck is out of play.
8:30 of 2nd period - Christian Hanson wins face-off versus Mike Zigomanis in Patriotes zone.
8:41 of 2nd period - Slapshot by Emerson Etem.
8:41 of 2nd period - Stopped by Leland Irving without a rebound.
8:42 of 2nd period - Mike Zigomanis wins face-off versus Cody Eakin in Rafales zone.
8:51 of 2nd period - Snap shot by Cody McLeod.
8:51 of 2nd period - Stopped by Marek Schwarz with a rebound.
8:53 of 2nd period - Slapshot by Connor Murphy.
8:53 of 2nd period - Stopped by Marek Schwarz without a rebound.
8:54 of 2nd period - Michael Ryder wins face-off versus Cody Eakin in Patriotes zone.
8:57 of 2nd period - Slapshot by Michael Ryder.
8:57 of 2nd period - Shot Misses the Net.
9:19 of 2nd period - Shane Sims is hit by Matt Gilroy and loses puck.
9:30 of 2nd period - Backhand shot by James Sheppard.
9:30 of 2nd period - Stopped by Marek Schwarz with a rebound.
9:54 of 2nd period - Julian Melchiori is hit by Timothy Kunes and loses puck.
10:11 of 2nd period - Wrist shot by Cody McLeod.
10:11 of 2nd period - Stopped by Marek Schwarz without a rebound.
10:12 of 2nd period - Christian Hanson wins face-off versus Michael Ryder in Patriotes zone.
10:35 of 2nd period - Minor Penalty to Aaron Ness for Tripping.
10:36 of 2nd period - Cody Eakin wins face-off versus Mike Zigomanis in Patriotes zone.
10:46 of 2nd period - Minor Penalty to Cody McLeod for High sticking.
10:47 of 2nd period - Christian Hanson wins face-off versus Mike Zigomanis in Rafales zone.
11:01 of 2nd period - Snap shot by Mike Zigomanis.
11:01 of 2nd period - Stopped by Marek Schwarz without a rebound.
11:02 of 2nd period - Cody Eakin wins face-off versus Mike Zigomanis in Patriotes zone.
11:24 of 2nd period - Icing by Matt Gilroy.
11:25 of 2nd period - Cody Eakin wins face-off versus Mike Zigomanis in Rafales zone.
12:06 of 2nd period - Snap shot by Stefan Chaput.
12:06 of 2nd period - Shot Blocked by Matt Calvert.
12:35 of 2nd period - Penalty to Aaron Ness is over, Aaron Ness is back on ice.
12:46 of 2nd period - Penalty to Cody McLeod is over, Cody McLeod is back on ice.
12:47 of 2nd period - Wrist shot by Aaron Ness.
12:47 of 2nd period - Stopped by Leland Irving with a rebound.
12:55 of 2nd period - Slapshot by Cody McLeod.
12:55 of 2nd period - Shot Misses the Net.
12:57 of 2nd period - Slapshot by Connor Murphy.
12:57 of 2nd period - Shot Blocked by David Kolomatis.
12:59 of 2nd period - Wrist shot by Cody McLeod.
12:59 of 2nd period - Goal by Cody McLeod - Rafales : 3 - Patriotes : 1.
13:00 of 2nd period - Cody Eakin wins face-off versus James Sheppard in neutral zone.
13:00 of 2nd period - Timothy Kunes is hit by Julian Melchiori and loses puck.
13:11 of 2nd period - Nathan Davis is hit by Cody Eakin and loses puck.
13:22 of 2nd period - Minor Penalty to Cody Eakin for Holding.
13:23 of 2nd period - Mike Zigomanis wins face-off versus Robert Baillargeon in Patriotes zone.
13:26 of 2nd period - Wrist shot by Mike Zigomanis.
13:26 of 2nd period - Stopped by Marek Schwarz without a rebound.
13:27 of 2nd period - Mike Zigomanis wins face-off versus Robert Baillargeon in Patriotes zone.
13:28 of 2nd period - Snap shot by Cody McLeod.
13:28 of 2nd period - Deflect By Mike Zigomanis.
13:28 of 2nd period - Shot Blocked by Robert Baillargeon.
13:28 of 2nd period - Puck is out of play.
13:29 of 2nd period - Mike Zigomanis wins face-off versus Robert Baillargeon in Patriotes zone.
14:16 of 2nd period - Slapshot by Timothy Kunes.
14:16 of 2nd period - Deflect By Michael Ryder.
14:16 of 2nd period - Stopped by Leland Irving with a rebound.
14:27 of 2nd period - Minor Penalty to Michael Ryder for Goalie Interference.
14:28 of 2nd period - Mike Zigomanis wins face-off versus Ryan Fitzgerald in Rafales zone.
14:45 of 2nd period - Icing by Christian Hanson.
14:46 of 2nd period - Mike Zigomanis wins face-off versus Ryan Fitzgerald in Patriotes zone.
15:15 of 2nd period - Slapshot by Timothy Kunes.
15:15 of 2nd period - Shot Misses the Net.
15:22 of 2nd period - Penalty to Cody Eakin is over, Cody Eakin is back on ice.
15:35 of 2nd period - Slapshot by Aaron Ness.
15:35 of 2nd period - Shot Misses the Net.
15:47 of 2nd period - Matt Gilroy is hit by Cody Eakin and loses puck.
16:14 of 2nd period - Slapshot by Shane Sims.
16:14 of 2nd period - Stopped by Leland Irving with a rebound.
16:16 of 2nd period - Slapshot by Shane Sims.
16:16 of 2nd period - Stopped by Leland Irving without a rebound.
16:17 of 2nd period - Christian Hanson wins face-off versus Mike Zigomanis in Rafales zone.
16:18 of 2nd period - Snap shot by Emerson Etem.
16:18 of 2nd period - Stopped by Leland Irving with a rebound.
16:26 of 2nd period - Slapshot by Timothy Kunes.
16:26 of 2nd period - Goal by Timothy Kunes - Rafales : 3 - Patriotes : 2.
16:27 of 2nd period - Christian Hanson wins face-off versus Mike Zigomanis in neutral zone.
16:42 of 2nd period - Snap shot by Michael Ryder.
16:42 of 2nd period - Shot Misses the Net.
16:54 of 2nd period - Matt Calvert is hit by Nathan Davis and loses puck.
17:23 of 2nd period - Minor Penalty to Shane Sims for Tripping.
17:24 of 2nd period - Cody Eakin wins face-off versus Mike Zigomanis in Patriotes zone.
17:49 of 2nd period - Aaron Ness is hit by Milan Bartovic and loses puck.
17:54 of 2nd period - Wrist shot by Nathan Davis.
17:54 of 2nd period - Stopped by Marek Schwarz with a rebound.
17:56 of 2nd period - Slapshot by Julian Melchiori.
17:56 of 2nd period - Deflect By James Sheppard.
17:56 of 2nd period - Goal by James Sheppard - Rafales : 4 - Patriotes : 2.
17:57 of 2nd period - Mike Zigomanis wins face-off versus Cody Eakin in neutral zone.
18:06 of 2nd period - Wrist shot by Cody McLeod.
18:06 of 2nd period - Shot Misses the Net.
18:12 of 2nd period - Slapshot by Cody McLeod.
18:12 of 2nd period - Stopped by Marek Schwarz without a rebound.
18:13 of 2nd period - Christian Hanson wins face-off versus Nathan Davis in Patriotes zone.
18:13 of 2nd period - Christian Hanson is hit by Nathan Davis.
18:24 of 2nd period - Aaron Ness is hit by Connor Murphy and loses puck.
18:39 of 2nd period - Connor Murphy is hit by Tyler Randell and loses puck.
18:52 of 2nd period - Cody Eakin is hit by Michael Ryder and loses puck.
19:09 of 2nd period - Slapshot by Timothy Kunes.
19:09 of 2nd period - Deflect By Dale Weise.
19:09 of 2nd period - Stopped by Leland Irving without a rebound.
19:10 of 2nd period - Jared Knight wins face-off versus Nathan Davis in Rafales zone.
19:15 of 2nd period - Slapshot by Jared Knight.
19:15 of 2nd period - Stopped by Leland Irving with a rebound.
19:59 of 2nd period - Shea Theodore is hit by Chris Terry and loses puck.
Goals for this period are 3 for Rafales vs 1 for Patriotes.
Shots for this period are 14 for Rafales vs 10 for Patriotes.
3rd period
0:01 of 3rd period - Mike Zigomanis wins face-off versus Matt Calvert in neutral zone.
0:12 of 3rd period - Snap shot by Matt Calvert.
0:12 of 3rd period - Stopped by Leland Irving with a rebound.
0:37 of 3rd period - Snap shot by Christian Hanson.
0:37 of 3rd period - Deflect By Nathan Davis.
0:37 of 3rd period - Stopped by Leland Irving with a rebound.
0:39 of 3rd period - Wrist shot by Christian Hanson.
0:39 of 3rd period - Stopped by Leland Irving with a rebound.
1:09 of 3rd period - Slapshot by Shea Theodore.
1:09 of 3rd period - Shot Blocked by Jayson Megna.
2:14 of 3rd period - Carl Klingberg is hit by Aaron Ness and loses puck.
2:27 of 3rd period - Timothy Kunes is hit by Jayson Megna and loses puck.
2:45 of 3rd period - Icing by James Marcou.
2:46 of 3rd period - Mike Zigomanis wins face-off versus Cody Eakin in Rafales zone.
2:57 of 3rd period - Slapshot by Cody McLeod.
2:57 of 3rd period - Stopped by Marek Schwarz without a rebound.
2:58 of 3rd period - Mike Zigomanis wins face-off versus Cody Eakin in Patriotes zone.
2:59 of 3rd period - Wrist shot by Cody McLeod.
2:59 of 3rd period - Stopped by Marek Schwarz without a rebound.
3:00 of 3rd period - Mike Zigomanis wins face-off versus Cody Eakin in Patriotes zone.
3:27 of 3rd period - Slapshot by Joey Laleggia.
3:27 of 3rd period - Shot Misses the Net.
3:29 of 3rd period - Snap shot by Julian Melchiori.
3:29 of 3rd period - Stopped by Marek Schwarz with a rebound.
3:31 of 3rd period - Slapshot by Julian Melchiori.
3:31 of 3rd period - Shot Misses the Net.
3:33 of 3rd period - Wrist shot by Nathan Davis.
3:33 of 3rd period - Shot Misses the Net.
3:35 of 3rd period - Slapshot by Julian Melchiori.
3:35 of 3rd period - Deflect By Milan Bartovic.
3:35 of 3rd period - Stopped by Marek Schwarz without a rebound.
3:36 of 3rd period - Mike Zigomanis wins face-off versus Cody Eakin in Patriotes zone.
3:37 of 3rd period - Slapshot by Michael Ryder.
3:37 of 3rd period - Shot Blocked by Cody Eakin.
4:02 of 3rd period - Slater Koekkoek is hit by Aaron Ness and loses puck.
4:07 of 3rd period - Wrist shot by Christian Hanson.
4:07 of 3rd period - Shot Misses the Net.
4:09 of 3rd period - Snap shot by Justin Florek.
4:09 of 3rd period - Stopped by Leland Irving with a rebound.
4:44 of 3rd period - Backhand shot by Shane Sims.
4:44 of 3rd period - Shot Misses the Net.
4:46 of 3rd period - Slapshot by Timothy Kunes.
4:46 of 3rd period - Deflect By Mario Lucia.
4:46 of 3rd period - Stopped by Leland Irving with a rebound.
4:48 of 3rd period - Snap shot by Timothy Kunes.
4:48 of 3rd period - Stopped by Leland Irving without a rebound.
4:49 of 3rd period - Cody Eakin wins face-off versus Mike Zigomanis in Rafales zone.
5:02 of 3rd period - Snap shot by Cody Eakin.
5:02 of 3rd period - Stopped by Leland Irving with a rebound.
5:04 of 3rd period - Slapshot by Shane Sims.
5:04 of 3rd period - Shot Blocked by Matt Gilroy.
5:44 of 3rd period - Slapshot by Timothy Kunes.
5:44 of 3rd period - Deflect By Borna Rendulic.
5:44 of 3rd period - Stopped by Leland Irving with a rebound.
6:02 of 3rd period - Slapshot by Cody Eakin.
6:02 of 3rd period - Shot Misses the Net.
6:41 of 3rd period - Slapshot by Christian Hanson.
6:41 of 3rd period - Stopped by Leland Irving with a rebound.
6:43 of 3rd period - Slapshot by Shea Theodore.
6:43 of 3rd period - Shot Misses the Net.
6:47 of 3rd period - Snap shot by Christian Hanson.
6:47 of 3rd period - Shot Blocked by Dylan McIlrath.
6:54 of 3rd period - Off-side.
6:55 of 3rd period - Borna Rendulic wins face-off versus Nathan Davis in neutral zone.
6:55 of 3rd period - Aleksander Barkov is hit by James Sheppard.
7:05 of 3rd period - Slapshot by Julian Melchiori.
7:05 of 3rd period - Deflect By James Sheppard.
7:05 of 3rd period - Stopped by Marek Schwarz with a rebound.
7:17 of 3rd period - Minor Penalty to Nathan Davis for Roughing.
7:18 of 3rd period - Tyler Randell wins face-off versus Mike Zigomanis in Rafales zone.
7:19 of 3rd period - Snap shot by Cody Eakin.
7:19 of 3rd period - Shot Blocked by Matt Gilroy.
7:27 of 3rd period - Snap shot by Matt Calvert.
7:27 of 3rd period - Stopped by Leland Irving without a rebound.
7:28 of 3rd period - Cody Eakin wins face-off versus Mike Zigomanis in Rafales zone.
8:03 of 3rd period - Snap shot by Shane Sims.
8:03 of 3rd period - Shot Blocked by Joey Laleggia.
8:05 of 3rd period - Snap shot by Matt Calvert.
8:05 of 3rd period - Patriotes goal is going for a video replay.
8:05 of 3rd period - The goal is good.
8:05 of 3rd period - Goal by Matt Calvert - Rafales : 4 - Patriotes : 3.
8:06 of 3rd period - Mike Zigomanis wins face-off versus Christian Hanson in neutral zone.
8:11 of 3rd period - Wrist shot by Michael Ryder.
8:11 of 3rd period - Shot Blocked by Justin Florek.
8:47 of 3rd period - Snap shot by Michael Ryder.
8:47 of 3rd period - Shot Misses the Net.
9:07 of 3rd period - Aaron Ness is hit by Nathan Davis and loses puck.
9:45 of 3rd period - Icing by Joey Laleggia.
9:46 of 3rd period - Chris Terry wins face-off versus Christian Hanson in Rafales zone.
10:03 of 3rd period - Slapshot by Julian Melchiori.
10:03 of 3rd period - Deflect By Jayson Megna.
10:03 of 3rd period - Deflect By Timothy Kunes.
10:03 of 3rd period - Stopped by Marek Schwarz with a rebound.
10:11 of 3rd period - Slapshot by Julian Melchiori.
10:11 of 3rd period - Stopped by Marek Schwarz with a rebound.
10:17 of 3rd period - Slapshot by Shane Sims.
10:17 of 3rd period - Deflect By Austin Watson.
10:17 of 3rd period - Stopped by Leland Irving without a rebound.
10:18 of 3rd period - Aleksander Barkov wins face-off versus Mike Zigomanis in Rafales zone.
10:21 of 3rd period - Snap shot by Aleksander Barkov.
10:21 of 3rd period - Shot Misses the Net.
10:23 of 3rd period - Slapshot by Dillon Heatherington.
10:23 of 3rd period - Deflect By Cody McLeod.
10:23 of 3rd period - Stopped by Leland Irving with a rebound.
10:25 of 3rd period - Slapshot by Austin Watson.
10:25 of 3rd period - Stopped by Leland Irving with a rebound.
10:27 of 3rd period - Slapshot by Dillon Heatherington.
10:27 of 3rd period - Stopped by Leland Irving with a rebound.
10:49 of 3rd period - Snap shot by Nathan Davis.
10:49 of 3rd period - Stopped by Marek Schwarz without a rebound.
10:50 of 3rd period - Matt Calvert wins face-off versus Nathan Davis in Patriotes zone.
11:15 of 3rd period - Wrist shot by Brian Ferlin.
11:15 of 3rd period - Stopped by Marek Schwarz with a rebound.
11:17 of 3rd period - Wrist shot by Brian Ferlin.
11:17 of 3rd period - Shot Blocked by Shane Sims.
11:21 of 3rd period - Snap shot by Kevin Veilleux.
11:21 of 3rd period - Deflect By Carl Klingberg.
11:21 of 3rd period - Goal by Carl Klingberg - Rafales : 5 - Patriotes : 3.
11:22 of 3rd period - Christian Hanson wins face-off versus Mike Zigomanis in neutral zone.
11:29 of 3rd period - Slapshot by Shane Sims.
11:29 of 3rd period - Deflect By Emerson Etem.
11:29 of 3rd period - Shot Blocked by Matt Gilroy.
11:29 of 3rd period - Puck is out of play.
11:30 of 3rd period - Michael Ryder wins face-off versus Christian Hanson in Rafales zone.
11:30 of 3rd period - Michael Ryder is hit by Emerson Etem.
11:38 of 3rd period - Justin Florek is hit by Michael Ryder and loses puck.
11:58 of 3rd period - Minor Penalty to Timothy Kunes for Tripping.
11:59 of 3rd period - Cody Eakin wins face-off versus Mike Zigomanis in Patriotes zone.
12:40 of 3rd period - Snap shot by Tyler Randell.
12:40 of 3rd period - Stopped by Leland Irving without a rebound.
12:41 of 3rd period - Cody Eakin wins face-off versus Mike Zigomanis in Rafales zone.
12:59 of 3rd period - Icing by Michael Ryder.
13:00 of 3rd period - Tyler Randell wins face-off versus Mike Zigomanis in Rafales zone.
13:01 of 3rd period - Snap shot by Matt Calvert.
13:01 of 3rd period - Shot Misses the Net.
13:07 of 3rd period - Slapshot by Joey Laleggia.
13:07 of 3rd period - Shot Blocked by Dillon Heatherington.
13:09 of 3rd period - Snap shot by Michael Ryder.
13:09 of 3rd period - Shot Misses the Net.
13:13 of 3rd period - Wrist shot by Mike Zigomanis.
13:13 of 3rd period - Shot Blocked by Shane Sims.
13:32 of 3rd period - Snap shot by Cody McLeod.
13:32 of 3rd period - Deflect By Tyler Randell.
13:32 of 3rd period - Shot Blocked by Shane Sims.
13:32 of 3rd period - Puck is out of play.
13:33 of 3rd period - Cody Eakin wins face-off versus Nathan Davis in Patriotes zone.
13:58 of 3rd period - Penalty to Timothy Kunes is over, Timothy Kunes is back on ice.
14:21 of 3rd period - Minor Penalty to Carl Klingberg for Goalie Interference.
14:22 of 3rd period - Cody Eakin wins face-off versus Mike Zigomanis in Rafales zone.
16:21 of 3rd period - Penalty to Carl Klingberg is over, Carl Klingberg is back on ice.
17:43 of 3rd period - Cody McLeod is hit by Christian Hanson and loses puck.
18:20 of 3rd period - Mario Lucia is hit by Jayson Megna and loses puck.
18:27 of 3rd period - Backhand shot by Timothy Kunes.
18:27 of 3rd period - Stopped by Leland Irving with a rebound.
18:50 of 3rd period - Icing by James Marcou.
18:51 of 3rd period - Jayson Megna wins face-off versus Aleksander Barkov in Rafales zone.
18:51 of 3rd period - Jayson Megna is hit by Aaron Ness.
18:54 of 3rd period - Icing by Chris Terry.
18:55 of 3rd period - Aleksander Barkov wins face-off versus Jayson Megna in Rafales zone.
19:49 of 3rd period - Slapshot by Matt Gilroy.
19:49 of 3rd period - Deflect By James Marcou.
19:49 of 3rd period - Stopped by Marek Schwarz with a rebound.
19:51 of 3rd period - Snap shot by Chris Terry.
19:51 of 3rd period - Shot Blocked by Borna Rendulic.
19:57 of 3rd period - Wrist shot by James Marcou.
19:57 of 3rd period - Stopped by Marek Schwarz with a rebound.
Goals for this period are 1 for Rafales vs 1 for Patriotes.
Shots for this period are 12 for Rafales vs 17 for Patriotes.
Back to the Top